 Dungeon Crawl Stone Soup version 0.27-a0-1456-gf5a116941d (webtiles) character file.

Game seed: 15128730099012873776

44 wesbby the Slasher (level 3, 0/33 HPs)
             Began as a Minotaur Berserker on July 6, 2021.
             Was a Believer of Trog.
             Slain by a white imp (7 damage)
             ... on level 3 of the Dungeon.
             The game lasted 00:02:55 (1993 turns).

wesbby the Slasher (Minotaur Berserker)             Turns: 1993, Time: 00:02:56

Health: 0/33       AC:  6    Str: 22    XL:     3   Next: 39%
Magic:  2/2        EV: 10    Int:  4    God:    Trog [**....]
Gold:   74         SH:  0    Dex:  9    Spells: 2/2 levels left

rFire    + + .     SeeInvis .   a - +0 falchion
rCold    x . .     Faith    .   (no shield)
rNeg     . . .     Spirit   .   l - +0 scale mail
rPois    .         Reflect  .   (helmet restricted)
rElec    .         Harm     .   (no cloak)
rCorr    .         Rampage  .   (no gloves)
Will     .....                  (no boots)
Stlth    ..........             (no amulet)
HPRegen  0.11/turn              c - ring of protection from fire
MPRegen  0.08/turn              j - ring of fire

@: no status effects
A: horns 2, retaliatory headbutt
a: Renounce Religion, Berserk, Trog's Hand


You were on level 3 of the Dungeon.
You worshipped Trog.
Trog was pleased with you.
You visited 1 branch of the dungeon, and saw 3 of its levels.

You collected 74 gold pieces.

Inventory:

Hand Weapons
 a - a +0 falchion (weapon)
Armour
 b - a +0 animal skin
 l - a +0 scale mail (worn)
Jewellery
 c - a ring of protection from fire (left hand)
 j - a ring of fire (right hand)
Scrolls
 d - a scroll of fog {unknown}
 f - 2 scrolls of identify {unknown}
 h - a scroll of teleportation {unknown}
 i - a scroll of summoning {unknown}
 k - a scroll of noise {unknown}
Potions
 e - 2 potions of lignification {unknown}
 g - a potion of flight {unknown}


   Skills:
 * Level 4.3 Fighting
 * Level 4.4 Long Blades
 * Level 2.7 Armour
 * Level 2.5 Dodging
 - Level 0.1 Stealth


You had 2 spell levels left.
You didn't know any spells.
Your spell library was empty.

Dungeon Overview and Level Annotations

Branches:
Dungeon (3/15)

Altars:


Innate Abilities, Weirdness & Mutations

You have a pair of horns on your head.
You reflexively headbutt those who attack you in melee.


Message History

The puff of frost hits you.
You feel a terrible chill!
You closely miss the white imp. The white imp closely misses you.
You riposte.
You hit the white imp.
The white imp is heavily wounded.
You hit the white imp but do no damage. Your headbutt misses the white imp.
The white imp is heavily wounded.
The white imp hits you but does no damage.
You hit the white imp but do no damage.
The white imp is heavily wounded.
The white imp hits you but does no damage.
You hit the white imp.
The white imp is heavily wounded.
The white imp hits you but does no damage.
You hit the white imp but do no damage.
The white imp is heavily wounded.
The white imp hits you but does no damage.
You hit the white imp but do no damage. Your headbutt misses the white imp.
The white imp is heavily wounded.
The white imp shouts, "Out, out, thou surly rude-growing boar-pig!"
The white imp hits you but does no damage.
You closely miss the white imp.
The white imp is heavily wounded.
The white imp hits you but does no damage.
You barely miss the white imp.
The white imp is heavily wounded.
The white imp closely misses you. You furiously retaliate!
You headbutt the white imp. You hit the white imp.
Your headbutt misses the white imp.
The white imp is almost dead.
The white imp hits you but does no damage.
You barely miss the white imp. Your headbutt misses the white imp.
The white imp is almost dead.
The white imp gestures at you. The puff of frost hits you!
You feel a terrible chill!
You closely miss the white imp.
The white imp is almost dead.
The white imp hits you.
* * * LOW HITPOINT WARNING * * *
The white imp freezes you!
You feel a terrible chill!
You die...

..# .<.. ..#####..#
.........# #.#####..#
#........## #.###.....##
## #.##.......## ##.##
#.#.........####...#.###
..+.........'...@5......
#.#.........####...#####
..##.......## #..##
....#.....## #.##
##.##...## #.# # ##+##
#.# #.# #.#


You could see a white imp.

Vanquished Creatures
  A dart slug (D:1)
  4 bats
  5 endoplasms
  A giant cockroach (D:2)
  3 goblins
  A hobgoblin (D:3)
  7 jackals
  4 kobolds
  2 ball pythons
  3 frilled lizards
  5 rats
36 creatures vanquished.

Vanquished Creatures (others)
  5 plants (D:2)
5 creatures vanquished.

Grand Total: 41 creatures vanquished

Notes
Turn   | Place    | Note
-------+----------+-------------------------------------------
     0 | D:1      | wesbby the Minotaur Berserker began the quest for the Orb.
     0 | D:1      | Reached XP level 1. HP: 19/19 MP: 0/0
   504 | D:1      | Reached XP level 2. HP: 24/27 MP: 1/1
  1356 | D:2      | Reached ** piety under Trog
  1359 | D:2      | Reached XP level 3. HP: 26/33 MP: 2/2
  1592 | D:2      | Found a faded altar of an unknown god.
  1993 | D:3      | Slain by a white imp

Illustrated notes

Levels and vault maps discovered:
D:1:      mrwooster_arrival_statue, layout_basic
D:2:      layout_loops_ring, shapermc_ecumenical_altar_mp_ritualfount
D:3:      layout_loops_corners, hangedman_decor_clover_reticule,
          chequers_serial_rivers_micro_e

Skill      XL: |  1  2 |
---------------+-------+-----
Long Blades    | 4 |  4.4
Fighting       | 4 |  4.3
Armour         | |  2.7
Dodging        | |  2.5
Stealth        | |  0.1

Action                   || total
-------------------------++-------
Melee: Falchion          ||    70
       Headbutt          ||    16
Armor: Animal skin       ||     9
       Scale mail        ||     7
Dodge: Dodged            ||    40
       Rpst.: Falchion   ||    18

Table legend: (Time is in decaauts)
 A = Elapsed time spent in this place.
 B = Non-inter-level travel time spent in this place.
 C = Inter-level travel time spent in this place.
 D = Time resting spent in this place.
 E = Time spent auto-exploring this place.
 F = Levels seen in this place.
 G = Mean time per level.
                   A        B        C        D        E       F      G
               +--------+--------+--------+--------+--------+-----+--------+
         Total |   1998 |   1949 |     49 |      0 |   1756 |   3 |  666.0 |
       Dungeon |   1998 |   1949 |     49 |      0 |   1756 |   3 |  666.0 |
               +--------+--------+--------+--------+--------+-----+--------+

Top non-repeatable levels by time:
     D:1: 1180 daAuts
     D:2: 759 daAuts
     D:3: 57 daAuts
